 Dungeon Crawl Stone Soup version 0.20-a0-1015-g2ec8a95 (webtiles) character file.

157 MovingMist the Ducker (level 5, -9/45 HPs)
             Began as a Draconian Gladiator on Apr 15, 2017.
             Mangled by Sigmund
             ... wielding a +0 scythe
              (12 damage)
             ... on level 3 of the Dungeon.
             The game lasted 00:04:49 (1608 turns).

MovingMist the Ducker (Draconian Gladiator)         Turns: 1608, Time: 00:04:50

Health: -9/45      AC:  6    Str: 17    XL:     5   Next: 15%
Magic:  5/5        EV: 14    Int:  8    God:
Gold:   113        SH:  0    Dex: 13    Spells: 4/4 levels left

rFire    x . .     SeeInvis .   a - +0 long sword
rCold    + . .     Gourm    .   (no shield)
rNeg     . . .     Faith    .   (armour unavailable)
rPois    .         Spirit   .   b - +0 hat
rElec    .         Reflect  .   (no cloak)
rCorr    .         Harm     .   p - +0 pair of gloves
MR       .....                  (no boots)
Stlth    +.........             (no amulet)
Regen    0.2/turn               l - +4 ring of slaying
MPRegen  0.1/turn               t - ring of ice

@: no status effects
A: unfitting armour, cold-blooded, AC +5
a: no special abilities


You were on level 3 of the Dungeon.
You were hungry.

You visited 1 branch of the dungeon, and saw 3 of its levels.

You collected 113 gold pieces.

Inventory:

Hand Weapons
 a - a +0 long sword (weapon)
Missiles
 c - 2 throwing nets (quivered)
 j - 8 javelins
Armour
 b - a +0 hat (worn)
 p - a +0 pair of gloves (worn)
Jewellery
 l - a +4 ring of slaying (left hand)
 t - a ring of ice (right hand)
Scrolls
 h - 2 scrolls of identify {unknown}
 k - a scroll of random uselessness {unknown}
 m - a scroll of amnesia {unknown}
 n - 2 scrolls of blinking {unknown}
 u - a scroll of enchant armour {unknown}
 v - a scroll of remove curse {unknown}
 w - a scroll of fear {unknown}
Potions
 e - 4 potions of heal wounds {unknown}
 g - a potion of magic {unknown}
 i - 3 potions of lignification {unknown}
 o - a potion of cancellation {unknown}
 q - a potion of curing {unknown}
 r - 2 potions of invisibility {unknown}
 z - 2 potions of haste {unknown}
Comestibles
 d - 2 bread rations
 f - 7 chunks of flesh
 s - 2 royal jellies
 x - 2 meat rations


   Skills:
 + Level 3.5 Fighting
 + Level 3.8 Long Blades
 - Level 1.7 Throwing
 * Level 4.2 Dodging


You had 4 spell levels left.
You didn't know any spells.

Dungeon Overview and Level Annotations

Branches:
Dungeon (3/15)

Altars:

Annotations:
D:3 Sigmund


Innate Abilities, Weirdness & Mutations

Your plain brown scales are hard. (AC +5)
You cannot fit into any form of body armour.
You are cold-blooded and may be slowed by cold attacks.


Message History

You hit the crimson imp.
The crimson imp is moderately wounded.
The giant cockroach barely misses you.
The crimson imp hits you but does no damage.
The giant cockroach misses you.
You riposte.
You hit the giant cockroach.
The giant cockroach is almost dead.
The crimson imp barely misses you. Something hits you.
* * * LOW HITPOINT WARNING * * *
You slash the giant cockroach!
You kill the giant cockroach!
The crimson imp hits you.
* * * LOW HITPOINT WARNING * * *
Something hits you but does no damage.
You see here a giant cockroach corpse.
You closely miss something.
The crimson imp blinks!
Something hits you.
* * * LOW HITPOINT WARNING * * *
A dart slug comes into view.
You barely miss the giant cockroach. The giant cockroach closely misses you.
Something hits you!
You die...

.... #...=?# #...
#.....#
#.%.###.....#
#..(.##.)...#
###....#......#
..%...5#....(.# #
#...#.#)## #.###
#.{.#.#.## #....
#@#.#.#..# ####.
#s#...##.#####....
#.##...#.......###
#.#....#..######
.......#..# #..
.....<.
w.....#####. .#...
#. . . .## .# #


You could see a crimson imp, a dart slug and a giant cockroach.

Vanquished Creatures
  A bullfrog skeleton (D:3)
  5 adders
  2 worms (D:2)
  4 dart slugs
  2 leopard geckos (D:2)
  4 orcs (D:3)
  A ball python (D:1)
  10 bats
  5 giant cockroaches
  5 goblins
  6 hobgoblins
  4 jackals (D:1)
  A quokka (D:2)
  A frilled lizard (D:2)
  6 kobolds
  7 rats
64 creatures vanquished.

Notes
Turn   | Place    | Note
-------+----------+-------------------------------------------
     0 | D:1      | MovingMist the Draconian Gladiator began the quest for the Orb.
     0 | D:1      | Reached XP level 1. HP: 17/17 MP: 1/1
   193 | D:1      | Reached XP level 2. HP: 21/25 MP: 2/2
   209 | D:1      | Reached skill level 3 in Dodging
   472 | D:1      | Reached XP level 3. HP: 30/30 MP: 3/3
  1003 | D:2      | Reached XP level 4. HP: 37/37 MP: 4/4
  1566 | D:3      | Reached skill level 4 in Dodging
  1571 | D:3      | Reached XP level 5. HP: 27/45 MP: 5/5
  1576 | D:3      | Noticed Sigmund
  1608 | D:3      | Mangled by Sigmund

Vault maps used:
D:1:      mrwooster_arrival_statue_2, minmay_tromino_mix6
D:2:      st_stairs_8
D:3:      nicolae_ru_path_of_blood, first_bread, portal_sewer_entry_d,
          uniq_sigmund, uniq_robin

Skill      XL: |  1  2  3  4 |
---------------+-------------+-----
Dodging        | 3 4 |  4.2
Fighting       | 3 |  3.5
Long Blades    | |  3.8
Throwing       | |  1.7

Action                   |  1- 3 |  4- 6 || total
-------------------------+-------+-------++-------
Melee: Long sword        |    89 |    51 ||   140
       Tailslap          |     7 |    12 ||    19
Throw: Throwing net      |       |     2 ||     2
 Stab: Sleeping          |     1 |       ||     1
  Eat: Chunk             |       |     2 ||     2
Armor: Skin              |    30 |    20 ||    50
Dodge: Dodged            |    90 |    39 ||   129
       Rpst.: Long sword |    26 |    14 ||    40
